 Dungeon Crawl Stone Soup version 0.30.1-9-gdf580d7c3d (webtiles) character file.

Game seed: 4906501750904459533

88 KittyFluff the Cudgeller (level 4, -9/43 HPs)
             Began as a Gargoyle Berserker on Oct 20, 2023.
             Was a Follower of Trog.
             Mangled by Bahuunn's ghost (11 damage)
             ... on level 3 of the Dungeon.
             The game lasted 00:06:07 (1652 turns).

KittyFluff the Cudgeller (Gargoyle Berserker)       Turns: 1652, Time: 00:06:08

Health: -9/43      AC:  8    Str: 23    XL:     4   Next: 54%
Magic:  4/4        EV: 11    Int:  7    God:    Trog [*.....]
Gold:   56         SH:  0    Dex:  9    Spells: 3/3 levels left

rFire   . . .        a - +0 mace
rCold   . . .        (no shield)
rNeg    + . .        g - +0 leather armour
rPois   ∞            (no helmet)
rElec   +            (no cloak)
rCorr   .            c - +0 pair of gloves
SInv    .            (no boots)
Will    .....        (no amulet) Stlth
                     (no ring)
HPRegen 0.27/turn    (no ring)
MPRegen 0.09/turn

%: no passive effects
@: berserking (expiring), very quick
A: sickness immunity, AC +3, negative energy resistance 1, electricity
resistance, torment resistance 1, petrification resistance
a: Renounce Religion, Berserk


You were on level 3 of the Dungeon.
You worshipped Trog.
Trog was aware of your devotion.
You visited 1 branch of the dungeon, and saw 3 of its levels.

You collected 56 gold pieces.

Inventory:

Hand Weapons
 a - a +0 mace (weapon)
 i - a +0 quarterstaff
Missiles
 e - 11 poisoned darts (quivered)
Armour
 c - a +0 pair of gloves (worn)
 g - a +0 leather armour (worn)
Scrolls
 d - a scroll of noise {unknown}
 f - a scroll of blinking {unknown}
 k - a scroll of identify {unknown}
 l - a scroll of teleportation {unknown}
Potions
 b - a potion of magic {unknown}
 h - a potion of berserk rage {unknown}
 j - a potion of curing {unknown}


   Skills:
 + Level 3.8 Fighting
 * Level 3.9 Maces & Flails
 * Level 3.3 Armour
 + Level 2.0 Dodging


You had 3 spell levels left.
You didn't know any spells.
Your spell library was empty.

Dungeon Overview and Level Annotations

Branches:
Dungeon (3/15)

Altars:

Annotations:
D:3 Bahuunn's ghost, amateur DrFi


Innate Abilities, Weirdness & Mutations

You are immune to sickness and miasma.
Your stone body is resilient. (AC +3)
You are immune to poison.
You resist negative energy. (rN+)
You are resistant to electric shocks. (rElec)
You are resistant to unholy torment.
You are immune to petrification.


Message History

Bahuunn's ghost is lightly damaged.
Bahuunn's ghost whispers, "Meet the emptiness of death!"
Bahuunn's ghost closely misses you.
You hit Bahuunn's ghost but do no damage.
Your punch misses Bahuunn's ghost.
Bahuunn's ghost is lightly damaged.
Bahuunn's ghost hits you but does no damage.
You completely miss Bahuunn's ghost.
Bahuunn's ghost is lightly damaged.
Bahuunn's ghost hits you!
You thump Bahuunn's ghost!
Bahuunn's ghost is heavily damaged.
Bahuunn's ghost hits you.
You miss Bahuunn's ghost.
Bahuunn's ghost is heavily damaged.
You miss Bahuunn's ghost.
Bahuunn's ghost is heavily damaged.
Bahuunn's ghost hits you!
You sock Bahuunn's ghost!
Bahuunn's ghost is severely damaged.
Bahuunn's ghost closely misses you.
You hit Bahuunn's ghost.
Bahuunn's ghost is severely damaged.
Bahuunn's ghost hits you!
* * * LOW HITPOINT WARNING * * *
You hit Bahuunn's ghost.
Bahuunn's ghost is severely damaged.
Bahuunn's ghost barely misses you.
You barely miss Bahuunn's ghost.
Bahuunn's ghost is severely damaged.
You completely miss Bahuunn's ghost.
Bahuunn's ghost is severely damaged.
Bahuunn's ghost closely misses you.
You hit Bahuunn's ghost.
Bahuunn's ghost is severely damaged.
Bahuunn's ghost barely misses you.
You closely miss Bahuunn's ghost.
Bahuunn's ghost is severely damaged.
Bahuunn's ghost hits you!
You die...

### ##.# ## ...#.
#... #.#.# #..
##.#.####### #..
##....#.....# ...
#....@W~~~~?# #.#
##....#.....# #.#
##.#.####### #.#
#.###.#########<#
..# ##..).......#
.## #...........#
# #.############
#.# ##


You could see Bahuunn's ghost.

Vanquished Creatures
  Terence (D:2)
  An adder (D:2)
  3 worms (D:2)
  2 dart slugs
  3 giant cockroaches
  3 goblins
  3 hobgoblins
  3 jackals (D:2)
  2 kobolds
  3 quokkas
  5 ball pythons
  6 bats
  A frilled lizard (D:2)
  5 rats
41 creatures vanquished.

Notes
Turn   | Place    | Note
-------+----------+-------------------------------------------
     0 | D:1      | KittyFluff the Gargoyle Berserker began the quest for the
                  | Orb.
     0 | D:1      | Reached XP level 1. HP: 14/14 MP: 1/1
   149 | D:1      | Reached XP level 2. HP: 19/19 MP: 2/2
   370 | D:1      | Found a faded altar of an unknown god.
   543 | D:1      | Reached XP level 3. HP: 15/23 MP: 3/3
   903 | D:2      | Reached ** piety under Trog
  1077 | D:2      | Noticed Terence
  1087 | D:2      | Killed Terence
  1088 | D:2      | Reached XP level 4. HP: 29/29 MP: 4/4
  1630 | D:3      | Found a runed translucent door.
  1630 | D:3      | Noticed Bahuunn's ghost (amateur DrFi)
  1647 | D:3      | HP: 1/43 [Bahuunn's ghost (13)]
  1652 | D:3      | Mangled by Bahuunn's ghost

Illustrated notes

Levels and vault maps discovered:
D:1:      tarquinn_simple_flora_water_c, layout_loops_ring,
          dreamdust_ecumenical_altar_grove, minmay_cupped
D:2:      layout_basic, uniq_terence
D:3:      minmay_inner_zag, layout_loops_ring, kiku_gazebo_pond_becter,
          ebering_ghost_reflecting_pool

Skill      XL: |  1  2  3 |
---------------+----------+-----
Armour         | 3 |  3.3
Dodging        | 2 |  2.0
Fighting       | |  3.8
Maces & Flails | |  3.9

Action                     |  1- 3 |  4- 6 || total
---------------------------+-------+-------++-------
  Melee: Mace              |   135 |    25 ||   160
         Punch             |     1 |       ||     1
 Invoke: Berserk           |     1 |     1 ||     2
 Armour: Animal skin       |     8 |       ||     8
         Leather armour    |    54 |     5 ||    59
  Dodge: Dodged            |   106 |    12 ||   118
